 Dungeon Crawl Stone Soup version 0.28-a0-1506-g3893175d92 (webtiles) character file.

Game seed: 16956059847714616387

11 cbfl8 the Chopper (level 2, -1/27 HPs)
             Began as a Minotaur Cinder Acolyte on Jan 13, 2022.
             Was a High Priest of Ignis.
             Slain by a hobgoblin (4 damage)
             ... on level 1 of the Dungeon.
             The game lasted 00:00:51 (564 turns).

cbfl8 the Chopper (Minotaur Cinder Acolyte)          Turns: 564, Time: 00:00:52

Health: -1/27      AC:  2    Str: 18    XL:     2   Next: 13%
Magic:  2/2        EV: 11    Int: 11    God:    Ignis [*****.]
Gold:   10         SH:  0    Dex:  5    Spells: 3/3 levels left

rFire   + . .      SeeInvis .   a - -1 hand axe (flame)
rCold   . . .      Faith    .   (no shield)
rNeg    . . .      Spirit   .   b - +0 robe
rPois   .          Reflect  .   (helmet restricted)
rElec   .          Harm     .   (no cloak)
rCorr   .          Rampage  .   (no gloves)
Will    .....                   (no boots)
Stlth   +.........              (no amulet)
HPRegen 0.09/turn               (no ring)
MPRegen 0.08/turn               (no ring)

@: no status effects
A: horns 2, retaliatory headbutt
a: Renounce Religion, Fiery Armour, Foxfire Swarm, Rising Flame


You were on level 1 of the Dungeon.
You worshipped Ignis.
Ignis was extremely pleased with you.
You visited 1 branch of the dungeon, and saw 1 of its levels.

You collected 10 gold pieces.

Inventory:

Hand Weapons
 a - a -1 hand axe of flaming (weapon)
Missiles
 c - 2 poisoned darts (quivered)
Armour
 b - a +0 robe (worn)


   Skills:
 + Level 3.8 Fighting
 + Level 3.9 Axes
 + Level 1.0 Spellcasting
 + Level 2.4 Fire Magic


You had 3 spell levels left.
You didn't know any spells.
Your spell library contained the following spells:

 Spells                   Type           Power      Damage    Failure   Level
 Scorch                   Fire           10%        2d6       19%         2


Dungeon Overview and Level Annotations

Branches:
Dungeon (1/15)

Altars:


Innate Abilities, Weirdness & Mutations

You have a pair of horns on your head.
You reflexively headbutt those who attack you in melee.


Message History

You hit the endoplasm. You burn the endoplasm.
You kill the endoplasm!
You have reached level 2!
A hobgoblin comes into view.
The hobgoblin moves out of view.
You barely miss the ball python. The ball python completely misses you.
The ball python barely misses you. The ball python bites you.
* * * LOW HITPOINT WARNING * * *
The ball python grabs you. The ball python constricts you.
* * * LOW HITPOINT WARNING * * *
You hit the ball python but do no damage.
The ball python completely misses you. You furiously retaliate!
You headbutt the ball python. The ball python constricts you.
* * * LOW HITPOINT WARNING * * *
The hobgoblin shouts!
You hit the ball python but do no damage.
The ball python is moderately wounded.
The ball python barely misses you. You furiously retaliate!
You headbutt the ball python, but do no damage.
The ball python constricts you.
You completely miss the ball python.
The ball python is moderately wounded.
The ball python misses you. The ball python constricts you.
The ball python bites you but does no damage.
The ball python constricts you.
You hit the ball python but do no damage.
The ball python is moderately wounded.
The ball python barely misses you. The ball python constricts you.
* * * LOW HITPOINT WARNING * * *
You hit the ball python. You burn the ball python.
You kill the ball python!
A giant cockroach comes into view.
Found 3 boomerangs.
A dart slug comes into view.
The giant cockroach closely misses you. You furiously retaliate!
You headbutt the giant cockroach.
You kill the giant cockroach!
You completely miss the dart slug. You closely miss the hobgoblin.
The dart slug closely misses you. The hobgoblin hits you.
You die...

#............#
#....#.#.###...
#....###.[ ...
###..#(#.### ..
#.........
#..###.#.#
#...#
##g###.#.#.
#.@w......
####..#### .# #


You could see a dart slug and a hobgoblin.

Vanquished Creatures
  2 endoplasms (D:1)
  A giant cockroach (D:1)
  A hobgoblin (D:1)
  A quokka (D:1)
  4 ball pythons (D:1)
  A bat (D:1)
10 creatures vanquished.

Notes
Turn   | Place    | Note
-------+----------+-------------------------------------------
     0 | D:1      | cbfl8 the Minotaur Cinder Acolyte began the quest for the
                  | Orb.
     0 | D:1      | Reached XP level 1. HP: 19/19 MP: 1/1
   543 | D:1      | Reached XP level 2. HP: 5/27 MP: 2/2
   548 | D:1      | HP: 1/27 [constriction (1)]
   564 | D:1      | Slain by a hobgoblin

Illustrated notes

Levels and vault maps discovered:
D:1:      dpeg_arrival_refuge, layout_basic, minmay_heptomino_h4

Action                   || total
-------------------------++-------
Melee: Hand axe          ||    22
       Headbutt          ||     1
       Punch             ||     1
Armor: Robe              ||     3
Dodge: Dodged            ||    25

Table legend: (Time is in decaauts)
 A = Elapsed time spent in this place.
 B = Non-inter-level travel time spent in this place.
 C = Inter-level travel time spent in this place.
 D = Time resting spent in this place.
 E = Time spent auto-exploring this place.
 F = Levels seen in this place.
 G = Mean time per level.
                   A        B        C        D        E       F      G
               +--------+--------+--------+--------+--------+-----+--------+
         Total |    566 |    566 |      0 |    429 |      0 |   1 |  566.0 |
       Dungeon |    566 |    566 |      0 |    429 |      0 |   1 |  566.0 |
               +--------+--------+--------+--------+--------+-----+--------+

Top non-repeatable levels by time:
     D:1: 566 daAuts
